AoeStats
← macinko484

Hill Fort

506732818Analyzed
2v2 RM · 18d ago on Sep 14, 2026· 94m 20s· 4 players
Game mode
Random Map
Map size
Medium (4 player)
Population
200
Speed
Normal
Resources
Standard
Victory
Conquest
Starting age
Dark Age
Ending age
Imperial Age
RankedLock teamsTeams togetherTeam positionsShared explorationLock speedFull tech treeHidden civsTurbo modeCheats
Victory
Defeat
🇸🇰 Byzantines · Slovakia
950
+14
🇸🇰 Burmese · Slovakia
950
+15
🇩🇰 Poles · Denmark
935
-15
🇦🇹 Saracens · Austria
911
-14
VladaN
5:01 Loom
10:58 Feudal Age
11:27 Town Watch
11:30 Double-Bit Axe
11:31 Horse Collar
15:22 Gold Mining
17:07 Wheelbarrow
16:25 Stone Mining
20:20 Castle Age
21:19 Hand Cart
21:19 Bow Saw
21:32 Heavy Plow
22:19 Gold Shaft Mining
25:06 Husbandry
25:17 Bloodlines
25:31 Forging
26:50 Iron Casting
26:26 Scale Barding Armor
29:08 Chain Barding Armor
29:49 Herbal Medicine
31:39 Ballistics
31:15 Murder Holes
32:00 Treadmill Crane
32:31 Masonry
39:34 Imperial Age
40:41 Elite Mameluke
42:36 Conscription
44:01 Plate Barding Armor
44:33 Blast Furnace
44:32 Capped Ram
46:18 Chemistry
58:06 Hoardings
73:16 Bimaristan
75:24 Light Cavalry
77:12 Squires
76:57 Arson
77:27 Elite Skirmisher
77:38 Pikeman
Like_2_win2
3:04 Loom
10:15 Feudal Age
11:35 Wheelbarrow
13:05 Double-Bit Axe
13:42 Horse Collar
20:05 Castle Age
18:57 Gold Mining
19:37 Forging
22:27 Hand Cart
24:47 Padded Archer Armor
25:49 Iron Casting
28:42 Bow Saw
32:36 Imperial Age
30:40 Town Watch
31:03 Heavy Plow
31:03 Stone Mining
34:16 Crop Rotation
34:55 Blast Furnace
34:12 Cavalier
35:04 Bloodlines
35:11 Town Patrol
36:16 Leather Archer Armor
37:48 Scale Barding Armor
37:55 Szlachta Privileges
39:02 Lechitic Legacy
40:33 Chain Barding Armor
45:19 Husbandry
46:47 Fletching
47:20 Scale Mail Armor
46:49 Man-at-Arms
47:35 Squires
50:26 Chemistry
50:35 Masonry
50:49 Siege Engineers
53:15 Elite Obuch
56:14 Murder Holes
60:01 Chain Mail Armor
61:53 Caravan
65:14 Ballistics
65:53 Plate Mail Armor
79:36 Hoardings
82:04 Bodkin Arrow
87:57 Light Cavalry
88:58 Winged Hussar
93:39 Pikeman
macinko484
3:10 Loom
13:05 Feudal Age
14:14 Double-Bit Axe
18:36 Castle Age
16:33 Gold Mining
16:41 Stone Mining
19:03 Wheelbarrow
19:26 Pikeman
20:07 Squires
22:15 Stone Shaft Mining
23:06 Horse Collar
26:49 Hand Cart
28:44 Heavy Plow
28:20 Elite Skirmisher
29:34 Squires
29:49 Forging
29:40 Scale Mail Armor
29:31 Fletching
29:59 Scale Barding Armor
31:09 Ballistics
31:32 Light Cavalry
35:48 Imperial Age
34:34 Husbandry
36:32 Iron Casting
36:12 Chain Mail Armor
35:53 Bodkin Arrow
35:59 Padded Archer Armor
36:20 Chain Barding Armor
37:09 Conscription
40:50 Halberdier
42:16 Heavy Camel Rider
45:15 Hoardings
46:09 Plate Barding Armor
50:35 Husbandry
50:00 Hussar
51:33 Plate Mail Armor
51:04 Bracer
51:37 Caravan
53:05 Arson
64:21 Capped Ram
66:10 Chemistry
71:28 Siege Ram
83:06 Elite Cataphract
93:48 Treadmill Crane
94:03 Murder Holes
94:00 Arrowslits
Berco3693
2:54 Loom
12:20 Feudal Age
16:57 Castle Age
15:02 Horse Collar
25:03 Wheelbarrow
24:58 Heavy Plow
24:54 Gold Mining
25:01 Stone Mining
30:36 Imperial Age
28:29 Hand Cart
28:00 Town Watch
29:07 Gold Shaft Mining
28:47 Masonry
30:35 Bloodlines
30:26 Husbandry
29:47 Light Cavalry
30:34 Scale Barding Armor
30:40 Forging
30:22 Fletching
30:32 Padded Archer Armor
29:55 Elite Skirmisher
30:36 Murder Holes
32:43 Chemistry
31:28 Elite Battle Elephant
32:42 Chain Barding Armor
33:00 Iron Casting
33:00 Ballistics
32:45 Cavalier
33:50 Bodkin Arrow
35:07 Parthian Tactics
35:32 Plate Barding Armor
36:30 Blast Furnace
36:03 Pikeman
36:43 Squires
36:29 Arson
36:47 Bracer
36:48 Scale Mail Armor
39:21 Guilds
39:44 Coinage
40:51 Chain Mail Armor
41:59 Hussar
45:46 Halberdier
59:19 Man-at-Arms
60:03 Gambesons
61:06 Plate Mail Armor
64:13 Caravan
70:54 Long Swordsman
72:38 Two-Handed Swordsman
75:52 Champion
78:58 Conscription
Connection lost

Rejoining the realm…

Still unreachable

The connection could not be restored.

Session expired

The server has moved on; the page needs a fresh start.